 Dungeon Crawl Stone Soup version 0.30-a0-748-ge6a52f7cba (webtiles) character file.

Game seed: 3176953064276888952

171 Esekla the Sneak (level 5, 0/34 (36) HPs)
             Began as an Octopode Delver on Feb 8, 2023.
             Was an Initiate of Gozag.
             Slain by a black bear (5 damage)
             ... on level 4 of the Dungeon.
             The game lasted 00:16:33 (3296 turns).

Esekla the Sneak (Octopode Delver)                  Turns: 3296, Time: 00:16:33

HP:   0/34 (36)     AC:  1    Str: 11    XL:     5   Next: 51%
MP:   6/6           EV: 14    Int: 14    God:    Gozag
Gold: 527           SH:  0    Dex: 14    Spells: 4/6 levels left

rFire   . . .      SeeInvis .    a - +0 falchion
rCold   . . .      Faith    .    (no shield)
rNeg    . . .      Spirit   .    (helmet restricted)
rPois   .          Reflect  .    (no amulet)
rElec   .          Harm     .    (no ring)
rCorr   .          Rampage  .    (no ring)
Will    .....                    (no ring)
Stlth   +++++                    (no ring)
HPRegen 0.25/turn                (no ring)
MPRegen 0.10/turn                (no ring)
                                 (no ring)
                                 (no ring)

@: brilliant, drained
A: almost no armour, amphibious, 8 rings, camouflage 1, gelatinous body 1,
(nimble swimmer 1), tentacles
a: Renounce Religion, Potion Petition, Call Merchant, Bribe Branch


You were on level 4 of the Dungeon.
You worshipped Gozag.
Gozag was pleased with you.
You visited 2 branches of the dungeon, and saw 6 of its levels.

You collected 539 gold pieces.
You paid 12 gold pieces to Gozag.

Inventory:

Hand Weapons
 a - a +0 falchion (weapon)
 r - the +1 spear of No Interval {antimagic, rC+++ Str+2 Int+4}
   (You found it on level 2 of the Dungeon)

   Str:       It affects your strength (+2).
   Int:       It affects your intelligence (+4).
   rC:        It renders you almost immune to cold.
 s - a +0 dagger
Jewellery
 e - a ring of positive energy
 h - an amulet of faith
 o - a ring of positive energy
Wands
 f - a wand of digging (3)
Scrolls
 b - 2 scrolls of fog
 d - a scroll of blinking {unknown}
 g - 6 scrolls of identify {unknown}
 i - a scroll of vulnerability {unknown}
 l - 2 scrolls of noise {unknown}
 n - a scroll of amnesia {unknown}
 p - a scroll of silence {unknown}
Potions
 j - a potion of might {unknown}
 k - a potion of attraction {unknown}
 m - 2 potions of brilliance


   Skills:
 * Level 3.5 Fighting
 + Level 0.3(2.0) Short Blades
 * Level 3.3 Long Blades
 * Level 2.9 Dodging
 + Level 7.6 Stealth
 * Level 1.2 Spellcasting


You had 4 spell levels left.
You knew the following spells:

 Your Spells              Type           Power      Damage    Failure   Level
o - Scorch                Fire           2%         2d5       36%         2

Your spell library contained the following spells:

 Spells                   Type           Power      Damage    Failure   Level
 Sandblast                Erth           2%         2d4       26%         1
 Cigotuvi's Dreadful Rot  Necr/Pois/Air  2%         N/A       36%         2
 Passwall                 Tmut/Erth      0%         N/A       36%         2
 Ignite Poison            Fire/Tmut/Pois 1%         N/A       61%         3
 Kindle Blastsparks       Fire/Tloc/Air  2%         2d10      61%         3
 Portal Projectile        Hex/Tloc       2%         N/A       61%         3
 Stone Arrow              Conj/Erth      2%         3d7       61%         3
 Tukima's Dance           Hex            1%         N/A       61%         3
 Dispel Undead            Necr           1%         3d6       95%         4
 Flame Wave               Conj/Fire      1%         2d4       95%         4
 Blade Hands              Tmut           0%         N/A       100%        5
 Freezing Cloud           Conj/Ice/Air   0%         6-21      100%        5
 Death Channel            Necr           0%         N/A       100%        6
 Summon Cactus Giant      Summ           0%         N/A       100%        6


Dungeon Overview and Level Annotations

Branches:
Dungeon (5/15)             Temple (1/1) D:5

Altars:
Ashenzari
Dithmenos
Gozag
Qazlal
Trog
Uskayaw
Yredelemnul
Zin
The Shining One

Shops:
D:1 [

Annotations:
D:3 1 runed translucent door, Crazy Yiuf


Innate Abilities, Weirdness & Mutations

You cannot wear most types of armour.
You are amphibious.
You can wear up to eight rings at the same time.
Your skin changes colour to match your surroundings (Stealth+).
Your rubbery body absorbs attacks. (AC +1, EV +1)
((You are camouflaged when in or above water. (Stealth+)))
You have tentacles for arms and can constrict up to eight enemies at once.


Message History

The black bear bites you. The black bear barely misses you.
The black bear misses you.
You hit the necrophage. You grab the necrophage. You squeeze the necrophage.
The necrophage is moderately damaged.
You constrict the necrophage. The black bear bites you!
The black bear claws you.
* * * LOW HITPOINT WARNING * * *
The black bear barely misses you. The necrophage closely misses you.
It was a potion of brilliance.
You feel clever all of a sudden.
You constrict the necrophage. The necrophage closely misses you.
The black bear bites you.
* * * LOW HITPOINT WARNING * * *
The black bear claws you but does no damage.
The black bear closely misses you.
You feel better.
You constrict the necrophage. The black bear bites you.
The black bear misses you. x2; The necrophage hits you.
* * * LOW HITPOINT WARNING * * *
You feel drained.
You hit the black bear but do no damage.
Your grab misses the black bear. You constrict the necrophage.
The black bear bites you.
* * * LOW HITPOINT WARNING * * *
The black bear claws you.
* * * LOW HITPOINT WARNING * * *
The black bear barely misses you. The necrophage closely misses you.
You hit the black bear. You grab the black bear.
The black bear is lightly wounded.
You constrict the black bear, but do no damage.
You constrict the necrophage. The necrophage closely misses you.
The black bear misses you. The black bear closely misses you.
The black bear barely misses you.
You feel better.
You constrict the black bear. You constrict the necrophage.
The black bear bites you.
* * * LOW HITPOINT WARNING * * *
The black bear claws you.
* * * LOW HITPOINT WARNING * * *
The black bear claws you.
You die...
Your body crumbles into a pile of gold.

### .. ### .. ..#
#. #.# #. #.#
#n###.#####
#.@h......#
#####.###.##
#.##...#
.#######.#..<.###
..h...(.........#
...######.#>###.#
####....###.######
+.................
####....###.######


You could see a black bear and a necrophage.

Vanquished Creatures
  Jessica (D:2)
  8 adders
  2 dart slugs
  4 ball pythons
  9 endoplasms
  2 giant cockroaches
  5 goblins
  7 hobgoblins
  6 jackals
  4 quokkas
  5 bats
  4 frilled lizards
  6 kobolds
  3 rats
66 creatures vanquished.

Notes
Turn   | Place    | Note
-------+----------+-------------------------------------------
     0 | D:5      | Esekla the Octopode Delver began the quest for the Orb.
     0 | D:5      | Reached XP level 1. HP: 16/16 MP: 1/1
    48 | D:5      | Reached XP level 2. HP: 7/21 MP: 2/2
   229 | D:5      | Found a staircase to the Ecumenical Temple.
   245 | D:5      | Reached skill level 7 in Stealth
   248 | D:5      | Noticed a phantom
   249 | Temple   | Entered the Ecumenical Temple
   476 | Temple   | Reached XP level 3. HP: 10/26 MP: 3/3
   678 | Temple   | Became a worshipper of Gozag Ym Sagoz the Greedy
   998 | D:2      | Found a hide-covered altar of Uskayaw.
  1047 | D:2      | Identified the +1 spear of No Interval {antimagic, rC+++
                  | Str+2 Int+4}
  1187 | D:2      | Noticed Jessica
  1192 | D:2      | Killed Jessica
  1193 | D:2      | Reached XP level 4. HP: 24/31 MP: 3/5
  1644 | D:2      | Reached skill level 1 in Spellcasting
  1781 | D:1      | Found Sytam's Antique Armour Shop.
  2174 | D:1      | Reached XP level 5. HP: 36/36 MP: 6/6
  2520 | D:3      | Found a broken altar of Ashenzari.
  2767 | D:3      | Learned a level 2 spell: Scorch
  2811 | D:3      | Found a runed translucent door.
  2812 | D:3      | Noticed Crazy Yiuf
  3272 | D:4      | Noticed a black bear
  3296 | D:4      | Slain by a black bear

Illustrated notes

Levels and vault maps discovered:
D:1:      elethiomel_arrival_shortcut, layout_basic, serial_shops, shop
D:2:      layout_loops_corners, basic_altar, uniq_jessica
D:3:      layout_loops_ring, ashenzari_altar_1, uniq_crazy_yiuf_cottage
D:4:      layout_loops_corners, nicolae_overflow_crystal_walls, uniq_pikel
D:5:      layout_loops_corners, minmay_temple_entry_tees, uniq_duvessa
Temple:   minmay_temple_curvy_branch

Skill      XL: |  1  2  3  4 |
---------------+-------------+-----
Stealth        | 7 |  7.6
Long Blades    | 3 |  3.3
Spellcasting   | 1 |  1.2
Fighting       | |  3.5
Short Blades   | |  0.3
Dodging        | |  2.9

Action                     |  1- 3 |  4- 6 || total
---------------------------+-------+-------++-------
  Melee: Falchion          |    32 |    68 ||   100
         Tentacles         |     4 |    21 ||    25
         Punch             |     1 |       ||     1
         Constrict         |     6 |    19 ||    25
         Dagger            |       |    25 ||    25
    Use: Scroll            |     2 |       ||     2
         Potion            |     1 |     4 ||     5
   Stab: Sleeping          |     3 |    19 ||    22
 Armour: Skin              |     6 |     4 ||    10
  Dodge: Dodged            |    26 |    59 ||    85

Table legend: (Time is in decaauts)
 A = Elapsed time spent in this place.
 B = Non-inter-level travel time spent in this place.
 C = Inter-level travel time spent in this place.
 D = Time resting spent in this place.
 E = Time spent auto-exploring this place.
 F = Levels seen in this place.
 G = Mean time per level.
                   A        B        C        D        E       F      G
               +--------+--------+--------+--------+--------+-----+--------+
         Total |   3278 |   3067 |    211 |    527 |   1027 |   6 |  546.3 |
       Dungeon |   2927 |   2772 |    155 |    398 |    881 |   5 |  585.4 |
        Temple |    351 |    295 |     56 |    129 |    146 |   1 |  351.0 |
               +--------+--------+--------+--------+--------+-----+--------+

Top non-repeatable levels by time:
     D:2: 856 daAuts
     D:3: 834 daAuts
     D:1: 763 daAuts
     D:5: 358 daAuts
  Temple: 351 daAuts
     D:4: 113 daAuts
